 Dungeon Crawl Stone Soup version 0.28-a0-1435-g82390b3a13 (webtiles) character file.

Game seed: 17861992181981492990

2101 funkygono the Firebug (level 9, -6/66 HPs)
             Began as a Human Cinder Acolyte on Jan 9, 2022.
             Was an Initiate of Ignis.
             Mangled by a troll (7 damage)
             ... on level 8 of the Dungeon.
             The game lasted 00:22:38 (8047 turns).

funkygono the Firebug (Human Cinder Acolyte)        Turns: 8047, Time: 00:22:39

Health: -6/66      AC:  7    Str: 17    XL:     9   Next: 53%
Magic:  11/16      EV: 11    Int: 17    God:    Ignis [......]
Gold:   339        SH:  0    Dex:  8    Spells: 8/18 levels left

rFire   + . .      SeeInvis .   a - +0 falchion (flame)
rCold   + . .      Faith    .   (no shield)
rNeg    . . .      Spirit   .   f - +0 leather armour
rPois   .          Reflect  .   (no helmet)
rElec   .          Harm     .   c - +1 cloak
rCorr   .          Rampage  .   (no gloves)
Will    +....                   p - +1 pair of boots
Stlth   +.........              s - amulet of magic regeneration
HPRegen 0.21/turn               d - ring of protection from cold
MPRegen 0.55/turn               h - ring of willpower

@: no status effects
A: no striking features
a: Renounce Religion


You were on level 8 of the Dungeon.
You worshipped Ignis.
Ignis was noncommittal.
You visited 1 branch of the dungeon, and saw 8 of its levels.

You collected 394 gold pieces.
You spent 55 gold pieces at shops.

Inventory:

Hand Weapons
 a - a +0 falchion of flaming (weapon)
 i - the +10 dagger of Reylok {venom, rC+ Int+4 SInv}
   (You found it on level 3 of the Dungeon)

   It poisons the flesh of those it strikes.
   Int:       It affects your intelligence (+4).
   rC:        It protects you from cold.
   SInv:      It lets you see invisible.
 k - a +0 whip
 n - a +3 quarterstaff of chaos
Missiles
 e - 328 stones (quivered)
Armour
 b - a +0 robe
 c - a +1 cloak (worn)
 f - a +0 leather armour (worn)
 g - a +0 ring mail
 p - a +1 pair of boots (worn)
 r - a +0 robe of willpower
Jewellery
 d - a ring of protection from cold (left hand)
 h - a ring of willpower (right hand)
 s - an amulet of magic regeneration (around neck)
Wands
 l - a wand of acid (11)
 u - a wand of flame (26)
Scrolls
 o - 4 scrolls of teleportation
Potions
 j - a potion of cancellation
 m - 2 potions of brilliance
 q - 5 potions of curing
 t - a potion of might


   Skills:
 + Level 4.4 Fighting
 + Level 6.1 Long Blades
 + Level 3.6 Armour
 + Level 2.7 Dodging
 + Level 5.1 Spellcasting
 + Level 3.7 Conjurations
 + Level 6.3 Fire Magic


You had 8 spell levels left.
You knew the following spells:

 Your Spells              Type           Power      Damage    Failure   Level
a - Foxfire               Conj/Fire      84%        2x1d8     2%          1
b - Scorch                Fire           50%        2d7       1%          2
c - Conjure Flame         Conj/Fire      21%        6-21      6%          3
d - Flame Wave            Conj/Fire      21%        2d6       22%         4

Your spell library contained the following spells:

 Spells                   Type           Power      Damage    Failure   Level
 Inner Flame              Hex/Fire       15%        N/A       14%         3
 Summon Small Mammal      Summ           16%        N/A       17%         1
 Call Canine Familiar     Summ           4%         N/A       45%         3
 Portal Projectile        Hex/Tloc       8%         N/A       45%         3
 Summon Guardian Golem    Hex/Summ       4%         N/A       45%         3
 Blade Hands              Tmut           2%         N/A       99%         5
 Excruciating Wounds      Necr           2%         N/A       99%         5


Dungeon Overview and Level Annotations

Branches:
Dungeon (8/15)             Temple (0/1) D:4
   Lair: D:8-11

Altars:
Elyvilon
Gozag
Vehumet
Zin
Beogh

Shops:
D:3 !   D:7 (

Annotations:
D:5 3 runed translucent doors, gruber's ghost, novice DjWz
D:6 3 runed translucent doors, Yorgos's ghost, amateur DsBe


Message History

The troll is moderately wounded.
The gnoll hits you but does no damage. The troll bites you!
The troll claws you. The troll claws you but does no damage.
Casting: Scorch (safe; 1% risk of failure)
Confirm with . or Enter, or press ? or * to list all spells.
Flames lash the gnoll.
The gnoll is lightly wounded.
The gnoll's fire resistance burns away.
The gnoll hits you with a +0 club. The troll barely misses you.
The troll claws you.
* * * LOW HITPOINT WARNING * * *
The troll closely misses you.
Casting: Scorch (safe; 1% risk of failure)
Confirm with . or Enter, or press ? or * to list all spells.
Flames lash the gnoll.
The gnoll is burned terribly!
You kill the gnoll!
The troll barely misses you. The troll claws you!
* * * LOW HITPOINT WARNING * * *
The troll claws you.
* * * LOW HITPOINT WARNING * * *
You feel much better. The troll barely misses you.
The troll closely misses you. The troll claws you.
The gnoll sergeant hits you but does no damage.
The troll is no longer more vulnerable to fire.
Casting: Scorch (safe; 1% risk of failure)
Confirm with . or Enter, or press ? or * to list all spells.
You conjure some foxfire!
The troll bites you but does no damage. The troll claws you!
* * * LOW HITPOINT WARNING * * *
The troll claws you!
* * * LOW HITPOINT WARNING * * *
The gnoll sergeant closely misses you.
Your foxfire dissipates!
The foxfire hits the troll.
The troll is moderately wounded.
Casting: Foxfire (safe; 2% risk of failure)
Confirm with . or Enter, or press ? or * to list all spells.
You conjure some foxfire!
The troll bites you.
* * * LOW HITPOINT WARNING * * *
The troll claws you!
You die...

### #.# #.#
####
##.#####.....
#.)gTv...#
#(.##@..##
#...v.).#
#)......#
............
............#
...........##
............#
............##


You could see a troll (ally target) and a gnoll sergeant.

Vanquished Creatures
  Sigmund (D:6)
  Duvessa (D:5)
  A sky beast (D:7)
  2 ice beasts
  An orc warrior (D:6)
  An ogre (D:7)
  A necrophage (D:5)
  3 centaurs
  A kobold brigand (D:6)
  2 bullfrogs
  A scorpion (D:5)
  A wyvern skeleton (D:4)
  Dowan (D:5)
  A howler monkey (D:7)
  A hound (D:5)
  An orc priest (D:4)
  2 centaur skeletons
  2 jellies
  Crazy Yiuf (D:2)
  4 iguanas
  4 orc wizards
  A killer bee zombie (D:7)
  4 hound skeletons
  5 gnolls
  5 adders
  A white imp (D:7)
  2 worms
  5 dart slugs
  20 orcs
  4 ball pythons
  4 endoplasms
  2 giant cockroaches
  7 goblins
  7 hobgoblins
  3 jackals (D:4)
  18 kobolds
  2 quokkas
  4 bats
  4 frilled lizards
  2 rats (D:1)
133 creatures vanquished.

Vanquished Creatures (others)
  307 foxfires
  4 fungi (D:1)
  A plant (D:1)
312 creatures vanquished.

Grand Total: 445 creatures vanquished

Notes
Turn   | Place    | Note
-------+----------+-------------------------------------------
     0 | D:1      | funkygono the Human Cinder Acolyte began the quest for the
                  | Orb.
     0 | D:1      | Reached XP level 1. HP: 18/18 MP: 2/2
    77 | D:1      | Reached XP level 2. HP: 24/24 MP: 3/3
    95 | D:1      | Learned a level 2 spell: Scorch
   217 | D:1      | Found a faded altar of an unknown god.
   259 | D:1      | Learned a level 1 spell: Foxfire
   877 | D:2      | Reached XP level 3. HP: 29/29 MP: 1/4
  1129 | D:2      | Found a runed translucent door.
  1130 | D:2      | Noticed Crazy Yiuf
  1396 | D:2      | Reached XP level 4. HP: 28/35 MP: 5/5
  1658 | D:2      | Killed Crazy Yiuf
  1821 | D:3      | Identified the +10 dagger of Reylok {venom, rC+ Int+4 SInv}
  2018 | D:3      | Reached XP level 5. HP: 41/41 MP: 0/6
  2277 | D:3      | Found Riebuo's Distillery.
  2297 | D:3      | Bought a potion of heal wounds for 55 gold pieces
  2613 | D:4      | Reached skill level 1 in Armour
  2796 | D:4      | Found a staircase to the Ecumenical Temple.
  2849 | D:4      | Reached XP level 6. HP: 25/47 MP: 1/7
  3578 | D:5      | Entered Level 5 of the Dungeon
  3617 | D:5      | Reached skill level 1 in Dodging
  3617 | D:5      | Reached skill level 1 in Conjurations
  3617 | D:5      | Reached XP level 7. HP: 15/53 MP: 9/9
  3969 | D:5      | Found a runed translucent gate.
  3969 | D:5      | Found a runed translucent gate.
  3969 | D:5      | Found a runed translucent gate.
  3985 | D:5      | Noticed gruber's ghost (novice DjWz)
  3987 | D:5      | Identified the +1 chain mail "Wulegiw" {rN+ Will+ Regen+}
  4004 | D:5      | Reached skill level 5 in Long Blades
  4428 | D:5      | Reached XP level 8. HP: 60/60 MP: 4/11
  4613 | D:5      | Noticed Duvessa
  4636 | D:5      | Noticed Dowan
  4643 | D:5      | Killed Duvessa
  4644 | D:5      | Reached skill level 5 in Fire Magic
  4651 | D:5      | Killed Dowan
  5131 | D:5      | Found a white marble altar of Elyvilon.
  5524 | D:6      | Noticed Sigmund
  5528 | D:6      | Killed Sigmund
  5644 | D:6      | Reached XP level 9. HP: 59/65 MP: 15/15
  6172 | D:6      | Found an opulent altar of Gozag.
  6172 | D:6      | Found a glowing silver altar of Zin.
  6323 | D:6      | Found a runed translucent gate.
  6324 | D:6      | Found a runed translucent gate.
  6324 | D:6      | Found an opulent altar of Gozag.
  6325 | D:6      | Found a runed translucent gate.
  6329 | D:6      | Noticed Yorgos's ghost (amateur DsBe)
  6754 | D:6      | Learned a level 3 spell: Conjure Flame
  6759 | D:6      | Learned a level 4 spell: Flame Wave
  6977 | D:7      | Found Veely's Antique Weapon Shop.
  7019 | D:7      | Found a radiant altar of Vehumet.
  7406 | D:7      | Reached skill level 5 in Spellcasting
  7894 | D:8      | Noticed a troll
  8047 | D:8      | HP: 1/66 [troll (5)]
  8047 | D:8      | Mangled by a troll

Illustrated notes

Levels and vault maps discovered:
D:1:      evilmike_arrival_fibonacci_small, layout_basic,
          shapermc_ecumenical_altar_mp_urbaneastern, minmay_pentomino_q2
D:2:      layout_rooms, uniq_crazy_yiuf_cottage
D:3:      layout_loops_ring, serial_shops, nicolae_shop_window_shopping
D:4:      layout_basic, minmay_temple_entry_mist
D:5:      layout_layer_cave, marbit_many_paths, biasface_ghost_orc_armoury,
          uniq_duvessa
D:6:      layout_layer_cave, grunt_temple_overflow_gold_and_silver,
          ebering_ghost_gozag, dk_rats_in_the_wall, uniq_sigmund
D:7:      layout_gridville, vehumet_altar_wand_db, serial_shops,
          nicolae_shop_stone
D:8:      minmay_bloctagon_deflated, layout_rooms

Skill      XL: |  1  2  3  4  5  6  7  8  9 |
---------------+----------------------------+-----
Fire Magic     | 4 5 6 |  6.3
Long Blades    | 4 5 6 |  6.1
Armour         | 1 2 3 |  3.6
Dodging        | 1 2 |  2.7
Conjurations   | 1 2 3 |  3.7
Spellcasting   | 2 4 5 |  5.1
Fighting       | 4 |  4.4

Action                   |  1- 3 |  4- 6 |  7- 9 || total
-------------------------+-------+-------+-------++-------
Melee: Falchion          |    64 |    93 |   115 ||   272
       Punch             |       |     1 |     2 ||     3
 Cast: Foxfire           |    11 |    37 |   107 ||   155
       Scorch            |     1 |     2 |    21 ||    24
Invok: Fiery Armour      |     3 |     4 |       ||     7
       Foxfire Swarm     |     1 |     3 |       ||     4
       Rising Flame      |       |     1 |       ||     1
  Use: Scroll            |     2 |     6 |     3 ||    11
       Potion            |       |     2 |     1 ||     3
Armor: Robe              |     4 |       |       ||     4
       Leather armour    |    20 |    41 |    61 ||   122
Dodge: Dodged            |    29 |    56 |   104 ||   189

Table legend: (Time is in decaauts)
 A = Elapsed time spent in this place.
 B = Non-inter-level travel time spent in this place.
 C = Inter-level travel time spent in this place.
 D = Time resting spent in this place.
 E = Time spent auto-exploring this place.
 F = Levels seen in this place.
 G = Mean time per level.
                   A        B        C        D        E       F      G
               +--------+--------+--------+--------+--------+-----+--------+
         Total |   8068 |   7783 |    285 |   1179 |   3774 |   8 | 1008.5 |
       Dungeon |   8068 |   7783 |    285 |   1179 |   3774 |   8 | 1008.5 |
               +--------+--------+--------+--------+--------+-----+--------+

Top non-repeatable levels by time:
     D:5: 2037 daAuts
     D:6: 1334 daAuts
     D:4: 1151 daAuts
     D:7: 1071 daAuts
     D:2: 928 daAuts
     D:1: 820 daAuts
     D:3: 694 daAuts
     D:8: 29 daAuts
